 Dungeon Crawl Stone Soup version 0.28-a0-381-g937acc2988 (webtiles) character file.

Game seed: 18311409799234450717

23 swashedbuckles the Slasher (level 2, -1/22 HPs)
             Began as a Demonspawn Gladiator on Sept 1, 2021.
             Slain by an adder (4 damage)
             ... on level 2 of the Dungeon.
             The game lasted 00:06:45 (1026 turns).

swashedbuckles the Slasher (Demonspawn Gladiator)   Turns: 1026, Time: 00:06:46

Health: -1/22      AC:  3    Str: 14    XL:     2   Next: 72%
Magic:  2/2        EV: 12    Int:  9    God:
Gold:   62         SH:  0    Dex: 14    Spells: 1/1 levels left

rFire   . . .      SeeInvis .   a - +0 long sword
rCold   . . .      Faith    .   (no shield)
rNeg    . . .      Spirit   .   b - +0 leather armour
rPois   .          Reflect  .   (helmet restricted)
rElec   .          Harm     .   (no cloak)
rCorr   .          Rampage  .   (no gloves)
Will    .....                   (no boots)
Stlth   +.........              (no amulet)
HPRegen 0.07/turn               (no ring)
MPRegen 0.08/turn               (no ring)

@: no status effects
A: horns 1
a: no special abilities


You were on level 2 of the Dungeon.
You visited 1 branch of the dungeon, and saw 2 of its levels.

You collected 62 gold pieces.

Inventory:

Hand Weapons
 a - a +0 long sword (weapon)
Missiles
 d - 3 throwing nets (quivered)
Armour
 b - a +0 leather armour (worn)
 c - a +0 helmet
Scrolls
 e - a scroll of holy word {unknown}
Potions
 f - a potion of might {unknown}
 g - a potion of haste {unknown}


   Skills:
 + Level 2.1 Fighting
 + Level 3.2 Long Blades
 + Level 1.7 Throwing
 + Level 0.2 Armour
 + Level 3.0 Dodging
 + Level 0.4 Stealth


You had one spell level left.
You didn't know any spells.
Your spell library was empty.

Dungeon Overview and Level Annotations

Branches:
Dungeon (2/15)

Altars:


Innate Abilities, Weirdness & Mutations

You have a pair of small horns on your head.


Message History

Found a short sword.
You see here a +0 short sword.
Found 15 stones.
Found a scroll labelled XOEKE CANEAG.
Found a stone staircase leading up.
An endoplasm comes into view.
Found a scroll labelled KUKHITIACHAEKK.
A hobgoblin comes into view.
The hobgoblin shouts!
An adder comes into view. x2
You see here a scroll labelled XOEKE CANEAG.
Found an escape hatch in the ceiling.
The adder hisses angrily. x2
You slash the hobgoblin!
You kill the hobgoblin!
Your Dodging skill increases to level 3!
A kobold comes into view. It is wielding a +0 dagger.
The adder bites you but does no damage.
You barely miss the adder. The endoplasm freezes you.
You are frozen.
You miss the adder.
The adder bites you but does no damage. x2
The endoplasm freezes you.
You are frozen.
The adder bites you. The adder barely misses you.
You hit the adder.
The adder is heavily wounded.
The adder closely misses you. The endoplasm freezes you.
You are frozen.
The adder barely misses you. The adder bites you but does no damage.
You hit the adder but do no damage.
The adder is heavily wounded.
The adder bites you but does no damage. The endoplasm freezes you.
You are frozen.
* * * LOW HITPOINT WARNING * * *
The adder bites you.
* * * LOW HITPOINT WARNING * * *
The adder bites you.
You die...

#.. .. <. ##. #.. ... #.
###.## #.# #. ...... #.#
#. #.....# #.## ##.
.<.....## #..## ##..
....?...####...########...
.......KS@................
........JS.......#######.#
.......#.##.#.##.# #.#
#.....##....#....# #.#
##...# #..#####..# #.#
##+# #... ...# #.# #.##.
.##.# #.# #.# ... #.# #.#
#.. .. #.#


You could see 2 adders, an endoplasm and a kobold.

Vanquished Creatures
  A dart slug (D:2)
  5 ball pythons
  3 endoplasms (D:1)
  3 hobgoblins
  A quokka (D:1)
  A bat (D:2)
  2 kobolds (D:1)
  4 rats (D:1)
20 creatures vanquished.

Notes
Turn   | Place    | Note
-------+----------+-------------------------------------------
     0 | D:1      | swashedbuckles the Demonspawn Gladiator began the quest for
                  | the Orb.
     0 | D:1      | Reached XP level 1. HP: 16/16 MP: 1/1
   123 | D:1      | Gained mutation: You have a pair of small horns on your
                  | head. [demonic ancestry]
   123 | D:1      | Reached XP level 2. HP: 12/22 MP: 2/2
   651 | D:1      | Found a faded altar of an unknown god.
  1026 | D:2      | Slain by an adder

Illustrated notes

Levels and vault maps discovered:
D:1:      dpeg_arrival_rhombus, layout_rooms,
          chequers_ecumenical_altar_simple_redux
D:2:      layout_loops_corners, minmay_nonomino_d4

Skill      XL: |  1  2 |
---------------+-------+-----
Long Blades    | 3 |  3.2
Dodging        | 3 |  3.0
Fighting       | |  2.1
Throwing       | |  1.7
Armour         | |  0.2
Stealth        | |  0.4

Action                   || total
-------------------------++-------
Melee: Long sword        ||    48
       Headbutt          ||     4
  Use: Potion            ||     1
 Stab: Sleeping          ||     1
Armor: Leather armour    ||    13
Dodge: Dodged            ||    46

Table legend: (Time is in decaauts)
 A = Elapsed time spent in this place.
 B = Non-inter-level travel time spent in this place.
 C = Inter-level travel time spent in this place.
 D = Time resting spent in this place.
 E = Time spent auto-exploring this place.
 F = Levels seen in this place.
 G = Mean time per level.
                   A        B        C        D        E       F      G
               +--------+--------+--------+--------+--------+-----+--------+
         Total |   1038 |   1035 |      3 |      0 |    397 |   2 |  519.0 |
       Dungeon |   1038 |   1035 |      3 |      0 |    397 |   2 |  519.0 |
               +--------+--------+--------+--------+--------+-----+--------+

Top non-repeatable levels by time:
     D:1: 788 daAuts
     D:2: 249 daAuts
